AoeStats
← NATIVE RADIX

Arena

510635798Analyzed
1v1 RM · 1d ago on Oct 1, 2026· 47m 16s· 2 players
Game mode
Random Map
Map size
Tiny (2 player)
Population
200
Speed
Normal
Resources
Standard
Victory
Conquest
Starting age
Dark Age
Ending age
Imperial Age
RankedLock teamsTeams togetherTeam positionsShared explorationLock speedFull tech treeHidden civsTurbo modeCheats
Victory
Defeat
🇺🇸 Bohemians · United States
482
+17
🇺🇸 Georgians · United States
496
-17
EnemyOfGod
4:54 Loom
11:16 Feudal Age
16:12 Double-Bit Axe
19:41 Castle Age
17:23 Man-at-Arms
19:44 Double-Bit Axe
19:44 Horse Collar
24:43 Heavy Plow
25:12 Scale Mail Armor
25:23 Forging
26:23 Pikeman
29:08 Bow Saw
30:08 Squires
29:28 Long Swordsman
29:54 Arson
31:00 Chain Mail Armor
31:21 Iron Casting
35:10 Chemistry
34:31 Ballistics
39:05 Imperial Age
37:17 Wheelbarrow
36:30 Town Watch
39:10 Hand Cart
38:56 Town Patrol
39:11 Fortified Wall
39:13 Masonry
41:47 Murder Holes
41:38 Arrowslits
43:44 Padded Archer Armor
43:35 Fletching
44:16 Plate Mail Armor
44:46 Blast Furnace
43:11 Halberdier
43:11 Two-Handed Swordsman
44:47 Leather Archer Armor
NATIVE RADIX
2:33 Loom
12:35 Feudal Age
12:43 Feudal Age
18:42 Castle Age
19:32 Bloodlines
19:50 Husbandry
19:45 Horse Collar
20:01 Double-Bit Axe
20:12 Gold Mining
20:14 Stone Mining
23:41 Man-at-Arms
25:47 Stone Shaft Mining
25:22 Arson
26:13 Long Swordsman
26:53 Squires
27:17 Gambesons
27:57 Heavy Plow
30:26 Fervor
33:07 Forging
32:59 Scale Mail Armor
37:11 Iron Casting
36:53 Chain Mail Armor
38:04 Wheelbarrow
37:15 Town Watch
39:27 Light Cavalry
42:59 Hand Cart
42:46 Town Patrol
44:15 Redemption
Connection lost

Rejoining the realm…

Still unreachable

The connection could not be restored.

Session expired

The server has moved on; the page needs a fresh start.